 Dungeon Crawl Stone Soup version 0.31-a0-574-g69dc8cc98e (webtiles) character file.

Game seed: 11230372544824367792

1582858 Voda the Imperceptible (level 26, 138/138 HPs)
             Began as a Spriggan Hunter on Aug 18, 2023.
             Was a High Priest of Okawaru.
             Escaped with the Orb
             ... and 3 runes!
             The game lasted 06:03:24 (76432 turns).

Voda the Imperceptible (Spriggan Hunter)           Turns: 76432, Time: 06:03:25

Health: 138/138    AC: 30    Str:  9      XL:     26   Next: 10%
Magic:  39/39      EV: 29    Int: 10      God:    Okawaru [*****.]
Gold:   7053       SH: 17    Dex: 26 (28) Spells: 22/25 levels left

rFire   + . .        U - +7 hand crossbow (freeze)
rCold   + . .        k - +3 buckler
rNeg    + + .        Z - +10 pearl dragon scales "Keafosyu" {Rampage rN+ Regen+ MP+9}
rPois   +            e - +0 mask of the Dragon {Will+ Slay+3 SInv}
rElec   +            K - scarf {rC+ rF+}
rCorr   +            (gloves unavailable)
SInv    +            (boots unavailable)
Will    +++++        C - amulet of reflection
Stlth   +++          a - ring of Vagga {rElec rN+ Int-3 Dex+6}
HPRegen 1.23/turn    G - ring "Hysuidig" {rPois rCorr Str+2 Slay+3}
MPRegen 0.26/turn

%: random rage (3%), reflection, rampage
@: studying 2 skills, very quick
A: very small, no large weapons, unfitting armour, see invisible, speed 3,
iridescent scales 1, berserk 1, clumsy 2, frail 1, mutation resistance 1, weak
1, no potion heal 1, subdued magic 1
0: Orb of Zot
}: 3/15 runes: decaying, slimy, gossamer
a: Renounce Religion, Heroism, Finesse, Duel


You escaped.
You worshipped Okawaru.
Okawaru was extremely pleased with you.
You visited 12 branches of the dungeon, and saw 55 of its levels.
You also visited: Ossuary and Desolation.

You collected 8813 gold pieces.
You spent 1760 gold pieces at shops.

Inventory:

Hand Weapons
 d - a +3 heavy hand crossbow
 m - the +6 arbalest "Damnation" {damnation}
   (You bought it in a shop on level 2 of the Orcish Mines)
 U - a +7 hand crossbow of freezing (weapon)
Missiles
 T - 5 curare-tipped darts
Armour
 e - the +0 mask of the Dragon (worn) {Will+ Slay+3 SInv}
   (You found it on level 1 of the Crypt)

   Slay+3:    It affects your accuracy & damage with ranged weapons and melee
   (+3).
   Will+:     It increases your willpower.
   SInv:      It lets you see invisible.
 k - a +3 buckler (worn)
 x - +6 fire dragon scales
 B - the +2 cloak "Jifus" {Str+3}
   (Okawaru gifted it to you on level 3 of the Lair of Beasts)

   Str+3:     It affects your strength (+3).
 K - a scarf of resistance (worn)
 Z - the +10 pearl dragon scales "Keafosyu" (worn) {Rampage rN+ Regen+ MP+9}
   (Okawaru gifted it to you on level 3 of the Vaults)

   rN+:       It protects you from negative energy.
   MP+9:      It affects your magic capacity (+9).
   Regen+:    It increases your rate of health regeneration.
   Rampage:   It bestows one free step when moving towards enemies.
Jewellery
 a - the ring of Vagga (left hand) {rElec rN+ Int-3 Dex+6}
   (You found it in the Desolation of Salt)

   [ring of dexterity]

   Int-3:     It affects your intelligence (-3).
   Dex+6:     It affects your dexterity (+6).
   rElec:     It insulates you from electricity.
   rN+:       It protects you from negative energy.
 t - the ring "Ugusch" {rPois rF+}
   (You found it on level 5 of the Pits of Slime)

   [ring of protection from fire]

   rF+:       It protects you from fire.
   rPois:     It protects you from poison
 C - an amulet of reflection (around neck)
 D - the ring of the Tortoise {AC+8}
   (You found it on level 2 of the Vaults)

   [ring of protection]

   AC+8:      It affects your AC (+8).
 G - the ring "Hysuidig" (right hand) {rPois rCorr Str+2 Slay+3}
   (You found it in the Desolation of Salt)

   [ring of resist corrosion]

   Str+2:     It affects your strength (+2).
   Slay+3:    It affects your accuracy & damage with ranged weapons and melee
   (+3).
   rPois:     It protects you from poison rCorr: It protects you from acid and
   corrosion.
 M - a ring of poison resistance
 N - a ring of flight
 R - a ring of protection from fire
 X - a ring of protection from cold
Wands
 b - a wand of digging (5)
 q - a wand of flame (79)
 H - a wand of paralysis (50)
 O - a wand of mindburst (58)
 S - a wand of acid (23)
 W - a wand of roots (20)
Scrolls
 g - 9 scrolls of amnesia
 n - a scroll of vulnerability
 o - 14 scrolls of immolation
 p - 10 scrolls of revelation
 w - 2 scrolls of poison
 y - 2 scrolls of silence
 z - 3 scrolls of brand weapon
 E - 2 scrolls of fog
 I - 3 scrolls of butterflies
 L - 5 scrolls of fear
Potions
 c - 2 potions of resistance
 f - 5 potions of lignification
 h - 7 potions of attraction
 j - 19 potions of curing
 l - 2 potions of mutation
 r - 2 potions of invisibility
 s - 9 potions of enlightenment
 A - 2 potions of brilliance
 F - 4 potions of berserk rage
 J - 12 potions of magic
 P - 3 potions of cancellation
 Q - a potion of haste
 V - 7 potions of ambrosia
Miscellaneous
 Y - a lightning rod (4/4)


   Skills:
 + Level 20.6 Fighting
 + Level 20.3 Ranged Weapons
 + Level 19.1 Armour
 - Level 23.8 Dodging
 - Level 25.7 Stealth
 + Level 12.0 Shields
 - Level 8.1 Ice Magic
 - Level 9.0 Invocations
 - Level 10.0 Evocations


You had 22 spell levels left.
You knew the following spells:

 Your Spells              Type           Power      Damage    Failure   Level
a - Ozocubu's Armour      Ice            12%        N/A       21%         3

Your spell library contained the following spells:

 Spells                   Type           Power      Damage    Failure   Level
 Freeze                   Ice            48%        1d6       6%          1
 Frozen Ramparts          Ice            24%        1d4       21%         3
 Ensorcelled Hibernation  Hex/Ice        12%        N/A       50%         2
 Hailstorm                Conj/Ice       6%         3d4       73%         3
 Apportation              Tloc           0%         N/A       89%         1
 Magic Dart               Conj           0%         1d3       89%         1
 Sandblast                Erth           0%         2d4       89%         1
 Sting                    Tmut/Pois      0%         1d3       89%         1
 Blink                    Tloc           0%         N/A       96%         2
 Cigotuvi's Dreadful Rot  Necr/Pois/Air  0%         N/A       96%         2
 Lesser Beckoning         Tloc           0%         N/A       96%         2
 Momentum Strike          Conj/Tloc      0%         3d8       96%         2
 Passwall                 Tmut/Erth      0%         N/A       96%         2
 Searing Ray              Conj           0%         2d4       96%         2
 Static Discharge         Conj/Air       0%         2-2/arc   96%         2
 Wereblood                Tmut           0%         N/A       96%         2
 Dazzling Flash           Conj/Hex       0%         N/A       99%         3
 Ignite Poison            Fire/Tmut/Pois 0%         N/A       99%         3
 Inner Flame              Hex/Fire       0%         N/A       99%         3
 Mephitic Cloud           Conj/Pois/Air  0%         N/A       99%         3
 Stone Arrow              Conj/Erth      0%         3d7       99%         3
 Vhi's Electric Charge    Tloc/Air       0%         N/A       99%         3
 Volatile Blastmotes      Fire/Tloc      0%         2d10      99%         3
 Airstrike                Air            0%         2d(0-16)  100%        4
 Cause Fear               Hex            0%         N/A       100%        4
 Dispel Undead            Necr           0%         3d6       100%        4
 Flame Wave               Conj/Fire      0%         2d4       100%        4
 Fulminant Prism          Conj/Hex       0%         3d5       100%        4
 Iskenderun's Mystic Bla  Conj/Tloc      0%         2d3       100%        4
 Leda's Liquefaction      Hex/Erth       0%         N/A       100%        4
 Manifold Assault         Tloc           0%         N/A       100%        4
 Olgreb's Toxic Radiance  Pois           0%         N/A       100%        4
 Sticky Flame             Conj/Fire      0%         2d3       100%        4
 Alistair's Intoxication  Tmut/Pois      0%         N/A       100%        5
 Arcjolt                  Conj/Air       0%         1d10      100%        5
 Borgnjor's Vile Clutch   Necr/Erth      0%         N/A       100%        5
 Fireball                 Conj/Fire      0%         3d3       100%        5
 Freezing Cloud           Conj/Ice/Air   2%         6-21      100%        5
 Irradiate                Conj/Tmut      0%         3d11      100%        5
 Iskenderun's Battlesphe  Conj           0%         2d6       100%        5
 Lee's Rapid Deconstruct  Erth           0%         3d4*      100%        5
 Metabolic Englaciation   Hex/Ice        3%         N/A       100%        5
 Silence                  Hex/Air        0%         N/A       100%        5
 Yara's Violent Unravell  Hex/Tmut       0%         3d3       100%        5
 Conjure Ball Lightning   Conj/Air       0%         3x3d6     100%        6
 Eringya's Noxious Bog    Tmut/Pois      0%         4d6       100%        6
 Leda's Unmaking          Conj/Erth      0%         9d1       100%        6
 Plasma Beam              Fire/Air       0%         2x1d10    100%        6
 Starburst                Conj/Fire      0%         6d3       100%        6
 Enfeeble                 Hex            0%         N/A       100%        7
 Orb of Destruction       Conj           0%         9d5       100%        7
 Ozocubu's Refrigeration  Ice            6%         4d8       100%        7
 Discord                  Hex            0%         N/A       100%        8
 Ignition                 Fire           0%         3d3       100%        8
 Lehudib's Crystal Spear  Conj/Erth      0%         10d2      100%        8
 Fire Storm               Conj/Fire      0%         5d1       100%        9
 Polar Vortex             Ice            6%         N/A       100%        9
 Call Imp                 Summ           Unusable   N/A       N/A         2
 Summon Ice Beast         Ice/Summ       Unusable   N/A       N/A         4
 Summon Guardian Golem    Hex/Summ       Unusable   N/A       N/A         3
 Tukima's Dance           Hex            Unusable   N/A       N/A         3
 Animate Armour           Summ/Erth      Unusable   N/A       N/A         4
 Animate Dead             Necr           Unusable   N/A       N/A         4
 Summon Lightning Spire   Summ/Air       Unusable   N/A       N/A         4
 Death Channel            Necr           Unusable   N/A       N/A         6
 Simulacrum               Ice/Necr       Unusable   N/A       N/A         6
 Spellforged Servitor     Conj/Summ      Unusable   N/A       N/A         7
 Dragon's Call            Summ           Unusable   N/A       N/A         9

Dungeon Overview and Level Annotations

Branches:
Dungeon (15/15)            Temple (1/1) D:6            Lair (5/5) D:9
  Swamp (4/4) Lair:2       Spider (4/4) Lair:2        Slime (5/5) Lair:4
    Orc (2/2) D:9             Elf (3/3) Orc:2        Vaults (4/5) D:14
  Crypt (3/3) Vaults:2       Tomb (0/3) Crypt:3      Depths (4/4) D:15
    Zot (5/5) Depths:4    Ossuary (visited)         Desolation (visited)

Altars:
Ashenzari
Cheibriados
Dithmenos
Elyvilon
Fedhas
Gozag
Hepliaklqana
Kikubaaqudgha
Makhleb
Nemelex Xobeh
Okawaru
Qazlal
Ru
Sif Muna
Trog
Uskayaw
Vehumet
Wu Jian
Xom
Yredelemnul
Zin
The Shining One

Shops:
D:7 [   D:11 *   Orc:2 [([([   Elf:1 :   Vaults:4 =   Depths:1 [:=   Depths:4 (

Portals:
Hell: Depths:1 Depths:2 Depths:3 Depths:4
Abyss: D:5 Depths:3 Depths:4
Pandemonium: Depths:2
Ziggurat: Depths:2
Trove: Elf:3 (give 2 scrolls of acquirement)

Annotations:
D:4 3 runed translucent doors, Grinder; MrCrawl's ghost, novice TeFE; WhatIsLove's ghost, amateur HOMo
D:5 2 transporters, bmj180's ghost, amateur DsNe
D:7 Jeremiah
Lair:1 3 runed translucent doors, Arcadio's ghost, journeyman FoFi
Spider:1 Nikola
Elf:3 1 runed translucent door, Gonzollydolly's ghost, adept MeIE
Vaults:2 6 runed translucent doors
Vaults:3 Sojobo
Zot:1 exclusion: 3 lightning spires
Zot:2 1 transporter


Innate Abilities, Weirdness & Mutations

You are very small and have problems with some larger weapons.
You are too small for most types of armour.
You have supernaturally acute eyesight. (SInv)
You cover ground extremely quickly. (Speed+++)
You are partially covered in iridescent scales. (AC +2)
You sometimes lose your temper in combat.
You are very clumsy. (Dex -4)
You are frail. (-10% HP)
You are somewhat resistant to further mutation.
You are weak. (Str -2)
Potions are less effective at restoring your health.
Your spells are a little easier to cast, but a little less powerful.


Message History

The bolt freezes the soul eater.
The soul eater is heavily wounded.
You shoot a bolt. The bolt hits the soul eater!!
The soul eater is almost dead.
You shoot a bolt. The bolt hits the soul eater!!!
You kill the soul eater!
Okawaru accepts your kill.
What level of the Dungeon? (default 1, ? - help)
Your magic seems less tainted.
There is a stone staircase leading up here.
You climb upwards.
There is a stone staircase leading down here.
There is an open door here.
A goblin comes into view. It is wielding a +0 club.
You rampage towards the goblin!
You shoot a bolt. The bolt hits the goblin!!!
The bolt freezes the goblin.
You kill the goblin!
There is a stone staircase leading up here.
You climb upwards.
There is a stone staircase leading down here.
There is an open door here.
A lorocyproca comes into view.
Unknown command.
You shoot a bolt. The bolt hits the lorocyproca!
The bolt freezes the lorocyproca.
The lorocyproca is moderately wounded.
You shoot a bolt. The bolt hits the lorocyproca!!
The bolt freezes the lorocyproca.
The lorocyproca is heavily wounded.
You shoot a bolt. The bolt barely misses the lorocyproca.
The lorocyproca hits you but does no damage. x2
You shoot a bolt. The bolt hits the lorocyproca!
The bolt freezes the lorocyproca.
The lorocyproca is severely wounded.
You shoot a bolt. The bolt hits the lorocyproca!!!
The bolt freezes the lorocyproca.
You kill the lorocyproca!
Okawaru accepts your kill.
There is a staircase leading out of the dungeon here.
You have escaped!

......####...###.#+.........#.###
......# #....##...##...........[.
......###...##.....##....#####.#.
......##...##.......##...........
.)...###..#'.........##...##.#...
....## #.##...........##.........
##### #.#.............#......>..
### #.#.............#.........
..# #.#......@..3...#..#......
..######.#..........&..#..##.....
.........#.............#.........
†.#####..##......X....###........
..# #.####.........## #...#..#.
### #.# #'.......'# ##..##.#.
#######.######.....### #.......
#............###.### #.......
#........>.### #.# ##.......


You could see Fogoosm, a large abomination (wandering) and a neqoxec
(wandering).

Vanquished Creatures
  the Royal Jelly (Slime:5)
  6 orbs of fire
  Margery (Depths:1)
  7 Killer Klowns
  Vv (Depths:4)
  3 caustic shrikes (Depths:4)
  10 golden dragons
  3 electric golems
  17 tentacled monstrosities
  Jorgrun (Spider:1)
  Mlioglotl (Spider:1)
  2 deep elf blademasters (Elf:3)
  24 Orb Guardians
  A walking divine tome (Depths:2)
  A titan (Depths:2)
  A lich (Crypt:3)
  An ancient champion (Crypt:2)
  14 acid blobs
  2 deep elf master archers (Elf:3)
  10 quicksilver dragons
  Frances (D:14)
  4 sphinxes
  6 death cobs
  Agnes (D:14)
  9 draconian monks
  12 storm dragons
  4 tengu reavers
  2 thorn hunters
  Kirke (Elf:1)
  Aizul (Spider:1)
  3 shadow dragons
  Donald (Spider:3)
  14 azure jellies
  17 rockslimes
  5 fire giants
  The ghost of Gakh the Fighter, a journeyman DrAr of Makhleb (Swamp:2)
  5 fenstrider witches
  6 ghost moths
  7 emperor scorpions
  5 draconian knights
  7 frost giants
  4 deep elf sorcerers
  2 imperial myrmidons (Desolation)
  2 orc warlords
  4 draconian shifters
  8 draconian scorchers
  3 deep elf elementalists (Elf:3)
  4 draconian annihilators
  9 vault wardens
  The ghost of Hun Mipn the Crack Shot, an adept DERe of Okawaru (Spider:2)
  The ghost of Fypuno Aqar the Pyromancer, an adept DEFE of Elyvilon (Vaults:2)
  4 angels
  3 curse skulls
  16 ironbound preservers
  6 draconian stormcallers
  13 very ugly things
  5 quicksilver oozes
  A war gargoyle (Vaults:4)
  3 spriggan defenders
  The ghost of Yskusuek the Spry, an adept SpHu of Hepliaklqana (Swamp:2)
  11 vampire knights
  A caustic shrike skeleton (Crypt:3)
  A juggernaut skeleton (Crypt:1)
  3 ironbound thunderhulks
  13 stone giants
  5 ghouls
  3 eleionomae
  6 deep elf demonologists (Elf:3)
  8 formless jellyfish
  13 black draconians
  15 red draconians
  3 demonspawn black suns (Zot:3)
  10 green draconians
  11 purple draconians
  8 yellow draconians
  A lorocyproca (D:1)
  7 white draconians
  2 deep elf annihilators (Elf:3)
  4 bunyips
  A halazid warlock (Desolation)
  3 spark wasps
  4 eidola
  2 green deaths (Swamp:4)
  6 deep elf death magi (Elf:3)
  6 jiangshi
  8 fire dragons
  7 crystal guardians
  7 ragged hierophants (Desolation)
  2 shambling mangroves (Swamp:4)
  5 yaktaur captains
  7 ettins
  Harold (D:11)
  3 deep elf high priests
  7 servants of whispers (Desolation)
  7 entropy weavers
  7 ice dragons
  An ogre mage (Vaults:1)
  3 vault guards
  4 catoblepae
  12 great orbs of eyes
  3 spriggan air magi
  2 ghost crabs (Swamp:3)
  Erolcha (Orc:2)
  14 hydras
  2 jorogumos
  2 rakshasas
  6 death knights
  10 peacekeepers
  7 boulder beetles
  3 ironbound frosthearts
  4 alligators
  9 centaur warriors
  A satyr (shapeshifter) (Vaults:3)
  25 dancing weapons
  3 sphinx zombies
  5 tengu warriors
  8 deep troll shamans
  A sphinx skeleton (Crypt:1)
  3 two-headed ogres
  5 deep troll earth magi
  3 titan zombies
  7 demonic crawlers
  8 spriggan berserkers
  11 vampire magi
  Urug (Lair:4)
  A death yak (Lair:3)
  2 orc high priests
  17 deep elf knights
  7 soul eaters
  A shadow wraith (Crypt:2)
  6 spriggans
  3 skysharks
  8 hell knights
  3 sixfirhies
  11 skeletal warriors
  A storm dragon zombie (Depths:1)
  7 iron trolls
  4 goliath frogs
  A storm dragon skeleton (Crypt:3)
  2 golden dragon zombies
  3 pharaoh ants
  A sea snake (Depths:2)
  2 death drakes
  A bunyip zombie (Crypt:1)
  4 glowing orange brains
  7 spriggan druids
  15 bog bodies
  5 flayed ghosts
  8 steelbarb worms
  65 deep trolls
  3 harpies (Vaults:2)
  9 orb spiders
  2 shadow dragon zombies
  16 deep elf archers
  7 lindwurms
  11 wizards
  8 swamp dragons
  A bunyip skeleton (Crypt:1)
  14 ironbound convokers
  12 phantasmal warriors
  4 orc knights
  7 necromancers
  29 ugly things
  6 cyclopes
  35 deep elf pyromancers
  32 deep elf zephyrmancers
  A mana viper (Depths:2)
  7 orc sorcerers
  24 moths of wrath
  14 wolf spiders
  8 shining eyes
  7 will-o-the-wisps
  2 worldbinders (Depths:2)
  A stone giant zombie (Vaults:4)
  2 manticores
  11 elephants
  2 guardian serpents (Desolation)
  4 eyes of devastation
  A rust devil (Depths:3)
  A stone giant skeleton (Depths:1)
  Maurice (D:12)
  9 vault sentinels
  A naga mage (Depths:2)
  An orange demon (Swamp:4)
  8 black mambas
  2 torpor snails
  7 spectral spriggans (Swamp:3)
  A white draconian zombie (Crypt:1)
  A molten gargoyle (Desolation)
  2 gargoyles (D:13)
  20 cane toads
  An efreet (D:15)
  A hellion (Depths:2)
  A pale draconian zombie (Crypt:2)
  A minotaur zombie (Crypt:2)
  An alligator snapping turtle skeleton (Crypt:2)
  2 rime drakes
  12 unseen horrors
  A kobold demonologist (D:13)
  27 yaktaurs
  10 komodo dragons
  3 tengu conjurers
  A yaktaur (shapeshifter) (D:13)
  7 freezing wraiths
  2 red devils (Depths:2)
  A human skeleton (Vaults:4)
  A queen bee (Lair:3)
  8 trolls
  4 bloated husks (Swamp:3)
  3 large abominations (Depths:3)
  A shadow dragon simulacrum (Depths:3)
  8 tyrant leeches
  Prince Ribbit (Lair:1)
  6 meliai
  22 tarantellas
  21 blink frogs
  2 harpy skeletons (Crypt:1)
  A hellwing (Swamp:4)
  A polar bear (Lair:1)
  An ice dragon zombie (Crypt:1)
  42 saltlings (Desolation)
  11 hornets
  A human simulacrum (Vaults:4)
  4 air elementals
  A hydra skeleton (Crypt:1)
  A dream sheep (shapeshifter) (Depths:4)
  A centaur simulacrum (D:15)
  6 flying skulls (Crypt:1)
  32 culicivoras
  5 water elementals
  40 jumping spiders
  132 slime creatures
  2 shadows
  7 wraiths
  6 hogs
  7 wyverns
  A dire elephant simulacrum (Crypt:1)
  37 yaks
  Eustachio (D:5)
  5 basilisks
  12 golden eyes
  2 fire elementals
  A black mamba skeleton (Crypt:1)
  7 chaos spawn
  4 steam dragons
  15 vampire mosquitoes
  58 redbacks
  18 swamp worms
  6 wargs
  A demonspawn zombie (Crypt:1)
  3 acid dragons
  11 water moccasins
  A water nymph skeleton (Crypt:2)
  A floating eye (shapeshifter) (Depths:2)
  A hell hound (Lair:5)
  30 orc warriors
  A cane toad skeleton (Crypt:1)
  8 swamp drakes
  An ice beast (Depths:2)
  3 sky beasts
  4 black bears
  2 ettin simulacra
  A manticore zombie (Crypt:1)
  5 boggarts
  10 wolves
  4 ogres
  A dream sheep zombie (Crypt:1)
  10 centaurs
  A phantom (D:4)
  4 elf zombies (Ossuary)
  A komodo dragon zombie (Crypt:3)
  A rime drake zombie (Crypt:2)
  2 gnoll sergeants
  2 scorpions
  11 bullfrogs
  3 earth elementals
  A scorpion (shapeshifter) (Vaults:2)
  A komodo dragon skeleton (Crypt:1)
  4 wights
  38 killer bees
  A troll skeleton (Crypt:1)
  5 howler monkeys
  A vampire bat (Depths:2)
  8 electric eels
  16 jellies
  A centaur zombie (Crypt:3)
  20 orc priests
  4 human zombies (Ossuary)
  6 hounds
  A sleepcap (D:6)
  A hell rat (Lair:3)
  15 orc wizards
  4 small abominations (Depths:3)
  A tengu skeleton (Crypt:2)
  An ogre skeleton (Crypt:2)
  2 mummies (Ossuary)
  A howler monkey zombie (Crypt:2)
  Robin (D:2)
  11 gnolls
  A swamp drake zombie (Crypt:2)
  4 adders
  A howler monkey skeleton (Crypt:2)
  A steam dragon skeleton (Crypt:3)
  2 worms (D:2)
  6 dart slugs
  86 orcs
  10 ball pythons
  7 bats
  A bat skeleton (Crypt:3)
  4 endoplasms
  8 giant cockroaches
  9 goblins
  8 hobgoblins
  A jackal (D:1)
  5 quokkas
  3 frilled lizards
  A frilled lizard zombie (Crypt:3)
  A giant cockroach zombie (Crypt:2)
  2 goblin zombies
  A hobgoblin skeleton (Crypt:1)
  7 hobgoblin zombies (Ossuary)
  A jackal zombie (Ossuary)
  10 kobolds
  12 kobold zombies (Ossuary)
  8 orc zombies (Ossuary)
  6 rats
  A rat zombie (D:5)
2290 creatures vanquished.

Vanquished Creatures (others)
  An Executioner (Zot:1)
  A thorn hunter (Swamp:4)
  A storm dragon (Zot:4)
  A draconian monk (Zot:1)
  A draconian knight (Zot:4)
  A demonspawn black sun (Zot:3)
  A black draconian (Zot:1)
  A deep elf knight (Elf:2)
  A deep elf zephyrmancer (Elf:1)
  A neqoxec (Swamp:4)
  20 foxfires
30 creatures vanquished.

Grand Total: 2320 creatures vanquished

Notes
Turn   | Place    | Note
-------+----------+-------------------------------------------
     0 | D:1      | Voda the Spriggan Hunter began the quest for the Orb.
     0 | D:1      | Reached XP level 1. HP: 10/10 MP: 2/2
   119 | D:1      | Reached skill level 2 in Stealth
   137 | D:1      | Reached XP level 2. HP: 15/15 MP: 3/3
   696 | D:2      | Reached XP level 3. HP: 18/18 MP: 4/4
  1383 | D:2      | Reached skill level 3 in Stealth
  1383 | D:2      | Reached XP level 4. HP: 21/23 MP: 5/5
  1728 | D:2      | Noticed Robin
  1755 | D:2      | Killed Robin
  1997 | D:3      | Reached skill level 5 in Ranged Weapons
  1997 | D:3      | Reached XP level 5. HP: 27/27 MP: 6/6
  2257 | D:3      | Found a bloodstained altar of Trog.
  2798 | D:4      | Reached skill level 4 in Stealth
  2949 | D:4      | You fall into a shaft and drop 2 floors!
  2949 | D:6      | Found a staircase to the Ecumenical Temple.
  2955 | Temple   | Entered the Ecumenical Temple
  2969 | Temple   | Became a worshipper of Warmaster Okawaru
  3057 | D:6      | Noticed a black bear
  3092 | D:5      | Entered Level 5 of the Dungeon
  3098 | D:5      | Reached XP level 6. HP: 32/32 MP: 7/7
  3108 | D:5      | Noticed Eustachio
  3196 | D:4      | Noticed Grinder
  3224 | D:5      | Found a sand-covered staircase.
  3238 | Ossuary  | Entered an ossuary
  3783 | Ossuary  | Reached * piety under Okawaru
  3784 | Ossuary  | Reached skill level 5 in Dodging
  3784 | Ossuary  | Reached skill level 5 in Stealth
  3797 | Ossuary  | Reached XP level 7. HP: 36/36 MP: 8/8
  4259 | D:4      | Found a runed translucent gate.
  4259 | D:4      | Found a runed translucent gate.
  4259 | D:4      | Found a runed translucent gate.
  4260 | D:4      | Noticed WhatIsLove's ghost (amateur HOMo)
  4261 | D:4      | Noticed MrCrawl's ghost (novice TeFE)
  4719 | D:5      | Found a shadowy altar of Dithmenos.
  4756 | D:4      | Reached skill level 6 in Stealth
  4929 | D:5      | Killed Eustachio
  4929 | D:5      | Reached ** piety under Okawaru
  4930 | D:5      | Reached skill level 1 in Invocations
  5001 | D:5      | Reached XP level 8. HP: 41/41 MP: 9/9
  5563 | D:5      | Found a transporter.
  5567 | D:5      | Noticed a small abomination
  5577 | D:5      | Found a transporter.
  5578 | D:5      | Found a one-way gate to the infinite horrors of the Abyss.
  5578 | D:5      | Noticed bmj180's ghost (amateur DsNe)
  6078 | D:6      | Reached skill level 7 in Stealth
  6292 | D:6      | Identified the +0 chain mail of Past Mistakes {rN+}
  7092 | D:7      | Found Zoergh's Antique Armour Shop.
  7734 | D:6      | Reached *** piety under Okawaru
  7735 | D:6      | Reached skill level 8 in Stealth
  7735 | D:6      | Reached XP level 9. HP: 46/46 MP: 11/11
  8380 | D:7      | Noticed Jeremiah
  8790 | D:8      | Reached skill level 5 in Fighting
  8790 | D:8      | Reached skill level 9 in Stealth
  8998 | D:7      | Reached **** piety under Okawaru
  9411 | D:8      | Reached skill level 1 in Evocations
  9519 | D:8      | Noticed a centaur warrior
  9519 | D:8      | Noticed a brown ugly thing
  9591 | D:8      | Found a glowing silver altar of Zin.
 10138 | D:9      | Reached XP level 10. HP: 34/51 MP: 12/12
 10418 | D:10     | Entered Level 10 of the Dungeon
 10917 | D:9      | Reached skill level 5 in Evocations
 11481 | D:9      | Reached ***** piety under Okawaru
 11582 | D:9      | Reached skill level 10 in Ranged Weapons
 11582 | D:9      | Reached skill level 10 in Stealth
 11864 | D:10     | Noticed a two-headed ogre
 12212 | D:9      | Killed a two-headed ogre
 12212 | D:9      | Identified the +1 sling "Hydra's Regret" {speed, Drain
                  | Str+5} (Okawaru gifted it to you on level 9 of the Dungeon)
 12212 | D:9      | Received a gift from Okawaru
 12921 | D:10     | Reached skill level 11 in Stealth
 13047 | D:10     | Reached XP level 11. HP: 56/56 MP: 14/14
 13383 | D:11     | Noticed Harold
 13716 | D:11     | Reached skill level 10 in Dodging
 13773 | D:11     | Found Usir's Mayhem Merchandise.
 13812 | D:11     | Noticed a green ugly thing
 14285 | D:9      | Found a staircase to the Orcish Mines.
 14437 | D:9      | Found a staircase to the Lair.
 14625 | D:9      | Identified the +1 robe "Tikh" {Dex+4} (Okawaru gifted it to
                  | you on level 9 of the Dungeon)
 14625 | D:9      | Received a gift from Okawaru
 14717 | Lair:1   | Entered Level 1 of the Lair of Beasts
 15073 | Lair:1   | Found a transporter.
 15133 | Lair:1   | Found a transporter.
 15255 | Lair:1   | Reached ****** piety under Okawaru
 15496 | Lair:1   | Found a runed translucent gate.
 15497 | Lair:1   | Found a runed translucent gate.
 15499 | Lair:1   | Noticed Arcadio's ghost (journeyman FoFi)
 15500 | Lair:1   | Found a runed translucent gate.
 15504 | Lair:1   | Noticed a boulder beetle
 15895 | Lair:2   | Reached XP level 12. HP: 62/62 MP: 16/16
 16263 | Lair:2   | Found a staircase to the Swamp.
 16728 | Lair:1   | Killed a boulder beetle
 17068 | Lair:2   | Found a hole to the Spider Nest.
 17263 | Lair:3   | Received a gift from Okawaru
 17397 | Lair:3   | Reached skill level 15 in Ranged Weapons
 17704 | Lair:3   | Identified the +2 cloak "Jifus" {Str+3} (Okawaru gifted it
                  | to you on level 3 of the Lair of Beasts)
 17704 | Lair:3   | Received a gift from Okawaru
 18691 | D:12     | Reached XP level 13. HP: 66/66 MP: 17/17
 19184 | D:12     | Noticed Maurice
 19191 | D:12     | Killed Maurice
 20303 | D:12     | Reached skill level 5 in Invocations
 20337 | D:13     | Reached skill level 12 in Stealth
 20356 | D:13     | Reached XP level 14. HP: 70/70 MP: 18/18
 21100 | Lair:3   | Identified the +7 rapier "Kadoig" {vamp, rCorr Dex+4}
 21146 | Lair:3   | Identified the +1 arbalest of Yeast {freeze, rF++ Str+4
                  | Int-5} (Okawaru gifted it to you on level 3 of the Lair of
                  | Beasts)
 21146 | Lair:3   | Received a gift from Okawaru
 21233 | Lair:3   | Reached skill level 13 in Stealth
 21989 | Lair:4   | Noticed Urug
 22459 | Lair:4   | Killed Urug
 22473 | Lair:4   | Identified the +1 robe "Pilarik" {Harm rElec Will- Str+3}
                  | (Okawaru gifted it to you on level 4 of the Lair of Beasts)
 22473 | Lair:4   | Received a gift from Okawaru
 22573 | Lair:4   | Reached skill level 14 in Stealth
 22692 | Lair:4   | Found a staircase to the Slime Pits.
 22807 | Lair:5   | Entered Level 5 of the Lair of Beasts
 23323 | Lair:5   | Noticed a quicksilver ooze
 23334 | Lair:5   | Noticed a quicksilver ooze
 23492 | Lair:5   | Noticed a rockslime
 23874 | Lair:5   | Reached skill level 15 in Stealth
 24048 | Lair:5   | Reached XP level 15. HP: 66/78 MP: 21/21
 24740 | D:11     | Killed Harold
 24858 | D:14     | Found an iron altar of Okawaru.
 24934 | D:14     | Found a gate to the Vaults.
 24962 | D:14     | Noticed Frances
 24987 | D:14     | Noticed Agnes
 25366 | Swamp:1  | Entered Level 1 of the Swamp
 25655 | Swamp:1  | Received a gift from Okawaru
 25842 | Orc:1    | Entered Level 1 of the Orcish Mines
 25957 | Orc:2    | Entered Level 2 of the Orcish Mines
 26372 | Lair:1   | Noticed Prince Ribbit
 26401 | Lair:1   | Identified the ring of Peace {MP+9 Str+6}
 26426 | Lair:1   | Killed Prince Ribbit
 27622 | Orc:1    | Reached skill level 15 in Dodging
 28146 | Orc:2    | Noticed Erolcha
 28157 | Orc:2    | Killed Erolcha
 28237 | Orc:2    | Found Murphath's Armour Shoppe.
 28301 | Orc:2    | Found a staircase to the Elven Halls.
 28420 | Orc:2    | Received a gift from Okawaru
 28703 | Orc:2    | Found Juemoaf's Armour Boutique.
 29034 | Orc:2    | Found Xoususso's Antique Weapon Shoppe.
 29038 | Orc:2    | Found Hestot's Antique Armour Emporium.
 29049 | Orc:2    | Bought the +6 arbalest "Damnation" {damnation} for 1760
                  | gold pieces
 29049 | Orc:2    | Found the +6 arbalest "Damnation" {damnation}
 29082 | Orc:2    | Found Fegal's Weapon Shop.
 29823 | Swamp:2  | Noticed a thorn hunter
 29827 | Swamp:2  | Killed a thorn hunter
 29963 | Swamp:2  | Received a gift from Okawaru
 30273 | Swamp:2  | Reached skill level 10 in Fighting
 30296 | Swamp:2  | Found the +7 captain's cutlass {speed, disarm}
 30609 | Swamp:2  | Found an ancient bone altar of Kikubaaqudgha.
 30802 | Swamp:2  | Reached skill level 10 in Evocations
 30830 | Swamp:2  | Noticed a fenstrider witch
 30836 | Swamp:2  | Killed a fenstrider witch
 30838 | Swamp:2  | Reached XP level 16. HP: 54/85 MP: 15/23
 31036 | Swamp:2  | Found a runed translucent gate.
 31036 | Swamp:2  | Found a runed translucent gate.
 31037 | Swamp:2  | Found a runed translucent gate.
 31042 | Swamp:2  | Noticed Gakh's ghost (journeyman DrAr)
 31042 | Swamp:2  | Noticed Yskusuek's ghost (adept SpHu)
 31696 | Swamp:3  | Received a gift from Okawaru
 32025 | Swamp:3  | Identified the +3 buckler of Repulsion {Harm rElec rPois}
                  | (Okawaru gifted it to you on level 3 of the Swamp)
 32025 | Swamp:3  | Received a gift from Okawaru
 32704 | Swamp:3  | Reached skill level 1 in Shields
 32718 | Swamp:4  | Entered Level 4 of the Swamp
 32843 | Swamp:4  | Learned a level 3 spell: Ozocubu's Armour
 33059 | Swamp:4  | Reached skill level 1 in Ice Magic
 33521 | Swamp:4  | Noticed a tentacled monstrosity
 33546 | Swamp:4  | Killed a tentacled monstrosity
 33561 | Swamp:4  | Noticed a tentacled monstrosity
 33792 | Swamp:4  | Killed a tentacled monstrosity
 34070 | Swamp:4  | Reached skill level 5 in Shields
 34699 | Swamp:4  | Noticed a thorn hunter
 34742 | Swamp:4  | Killed a thorn hunter
 34862 | Swamp:4  | Identified the +2 cloak of the Heron {-Tele Harm Rampage
                  | Slay-2} (Okawaru gifted it to you on level 4 of the Swamp)
 34862 | Swamp:4  | Received a gift from Okawaru
 34863 | Swamp:4  | Reached skill level 5 in Ice Magic
 34891 | Swamp:4  | Killed a thorn hunter
 34923 | Swamp:4  | Reached XP level 17. HP: 71/90 MP: 24/24
 35082 | Swamp:4  | Got a decaying rune of Zot
 35420 | D:14     | Killed Frances
 35782 | D:15     | Entered Level 15 of the Dungeon
 36978 | D:15     | Found a staircase to the Depths.
 36996 | Depths:1 | Entered Level 1 of the Depths
 37181 | Vaults:1 | Entered Level 1 of the Vaults
 37443 | Vaults:1 | Identified the ring of the Rabble {Ice rElec SInv}
 37498 | Vaults:1 | Paralysed by a formless jellyfish for 1 turns
 38367 | Vaults:1 | Identified the +3 dagger of Foolhardiness {heavy, rC+}
 39192 | Vaults:2 | Reached skill level 16 in Stealth
 39308 | Vaults:2 | Received a gift from Okawaru
 39704 | Vaults:2 | Reached XP level 18. HP: 82/96 MP: 25/25
 39886 | Vaults:2 | Reached skill level 17 in Stealth
 40000 | Vaults:2 | Found a large runed translucent door.
 40000 | Vaults:2 | Found a large runed translucent door.
 40000 | Vaults:2 | Found a large runed translucent door.
 40000 | Vaults:2 | Found a large runed translucent door.
 40000 | Vaults:2 | Found a large runed translucent door.
 40000 | Vaults:2 | Found a large runed translucent door.
 40000 | Vaults:2 | Found a large runed translucent door.
 40000 | Vaults:2 | Found a large runed translucent door.
 40000 | Vaults:2 | Found the ring of the Tortoise {AC+8}
 40000 | Vaults:2 | Noticed Fypuno Aqar's ghost (adept DEFE)
 40026 | Vaults:2 | Received a gift from Okawaru
 40312 | Vaults:2 | Found a staircase to the Crypt.
 40546 | Vaults:2 | Killed Fypuno Aqar's ghost
 40679 | Vaults:3 | Identified the +10 pearl dragon scales "Keafosyu" {Rampage
                  | rN+ Regen+ MP+9} (Okawaru gifted it to you on level 3 of
                  | the Vaults)
 40679 | Vaults:3 | Received a gift from Okawaru
 40731 | Vaults:3 | Reached skill level 1 in Armour
 40766 | Vaults:3 | Noticed Sojobo
 41341 | Vaults:4 | Reached skill level 5 in Armour
 41579 | Vaults:4 | Found Gafutud's Jewellery Shoppe.
 41700 | Vaults:4 | Found a crumbling gateway.
 41748 | Vaults:4 | Found a white marble altar of Elyvilon.
 41748 | Vaults:4 | Found a glowing silver altar of Zin.
 41748 | Vaults:4 | Found a glowing golden altar of the Shining One.
 41797 | Desolati | Entered the Desolation of Salt
 42032 | Desolati | Received a gift from Okawaru
 42093 | Desolati | Identified the ring of Vagga {rElec rN+ Int-3 Dex+6}
 42095 | Desolati | Identified the +11 longbow of Discord {elec, Str+2}
 42129 | Desolati | Identified the +1 battleaxe "Qiety" {vamp, Fly rPois Will+}
 42368 | Desolati | Reached XP level 19. HP: 78/102 MP: 26/26
 42444 | Desolati | Identified the ring "Onukhlodo" {Will- Int+4 Dex+6}
 42541 | Desolati | Got the Quarto of the Crevasse
 42563 | Desolati | Identified the ring of Bitrohaott {MP+9 Dex+3}
 42564 | Desolati | Identified the ring "Hysuidig" {rPois rCorr Str+2 Slay+3}
 42648 | Desolati | Identified the +1 robe of the Harvest {Rampage rC+}
                  | (Okawaru gifted it to you in the Desolation of Salt)
 42648 | Desolati | Received a gift from Okawaru
 42740 | Desolati | Identified the +0 scale mail of Charity {rElec Int+4}
 43642 | Vaults:4 | Reached skill level 10 in Armour
 43676 | Vaults:4 | Got Tezxualu's Notes on the Vexing Congregation
 44472 | Vaults:3 | Paralysed by an air elemental for 1 turns
 44480 | Vaults:3 | Paralysed by an air elemental for 1 turns
 44485 | Vaults:3 | Paralysed by an air elemental for 1 turns
 44608 | Crypt:1  | Entered Level 1 of the Crypt
 45114 | Crypt:1  | Received a gift from Okawaru
 45490 | Crypt:1  | Found the +0 mask of the Dragon {Will+ Slay+3 SInv}
 45492 | Crypt:1  | Identified the +4 robe "Hetant" {rCorr} (Okawaru gifted it
                  | to you on level 1 of the Crypt)
 45492 | Crypt:1  | Received a gift from Okawaru
 46639 | Crypt:2  | Reached XP level 20. HP: 107/107 MP: 27/27
 46940 | Crypt:3  | Entered Level 3 of the Crypt
 47067 | Crypt:3  | Found a staircase to the Tomb.
 47902 | D:14     | Killed Agnes
 48430 | Spider:1 | Entered Level 1 of the Spider Nest
 48447 | Spider:1 | Noticed Jorgrun
 48589 | Swamp:2  | Killed Yskusuek's ghost
 48616 | Swamp:2  | Killed Gakh's ghost
 48766 | Spider:1 | Noticed Aizul
 48767 | Spider:1 | Noticed Mlioglotl
 49273 | Depths:1 | Found Ziygan's One-of-a-Kind Rings.
 49372 | Depths:1 | Received a gift from Okawaru
 49384 | Depths:1 | Identified 5 scrolls of acquirement
 49386 | Depths:1 | Acquired a manual of Fighting
 49737 | Depths:1 | Noticed Margery
 50167 | Depths:1 | Killed Margery
 50168 | Depths:1 | Reached skill level 15 in Armour
 50179 | Depths:1 | Found a gateway to Hell.
 50188 | Depths:1 | Found Bopli's Antique Armour Emporium.
 50558 | Depths:1 | Identified the +3 robe of the Postmodern Knaves {rN+}
                  | (Okawaru gifted it to you on level 1 of the Depths)
 50558 | Depths:1 | Received a gift from Okawaru
 50614 | Depths:1 | Found Guucauk's Tremendous Tomes.
 50770 | Depths:1 | Found an ancient bone altar of Kikubaaqudgha.
 51059 | Depths:2 | Got the Textbook on Shapes
 51182 | Depths:2 | Found a one-way gateway to a ziggurat.
 51702 | Depths:2 | Reached XP level 21. HP: 114/116 MP: 28/28
 51782 | Depths:2 | Got Xesiniba's Omnibus of Toxicity
 51876 | Depths:2 | Found an ornate altar of the Wu Jian Council.
 51877 | Depths:2 | Found a sparkling altar of Nemelex Xobeh.
 51877 | Depths:2 | Found a hazy altar of Hepliaklqana.
 51877 | Depths:2 | Found an iron altar of Okawaru.
 51917 | Depths:2 | Received a gift from Okawaru
 52265 | Elf:1    | Entered Level 1 of the Elven Halls
 52711 | Elf:2    | Reached skill level 15 in Fighting
 52714 | Elf:2    | Received a gift from Okawaru
 52748 | Elf:2    | Found a runed translucent gate.
 52752 | Elf:2    | Found a runed translucent gate.
 52752 | Elf:2    | Found a runed translucent gate.
 52984 | Elf:3    | Entered Level 3 of the Elven Halls
 53088 | Elf:3    | Found a runed translucent door.
 53611 | Elf:2    | Identified the +1 robe of Spite {rN+ Str+5} (Okawaru gifted
                  | it to you on level 2 of the Elven Halls)
 53611 | Elf:2    | Received a gift from Okawaru
 54096 | Elf:1    | Found Idyiqyn's Book Shoppe.
 54134 | Elf:1    | Noticed Kirke
 54143 | Elf:1    | Killed Kirke
 54625 | Elf:1    | Acquired a manual of Fighting
 54708 | Elf:2    | Acquired 479 gold pieces
 54710 | Elf:2    | Acquired 917 gold pieces
 54712 | Elf:2    | Acquired 1153 gold pieces
 55142 | Spider:2 | Found a runed translucent door.
 55143 | Spider:2 | Noticed Hun Mipn's ghost (adept DERe)
 55253 | Spider:2 | Killed Hun Mipn's ghost
 55259 | Spider:2 | Identified the ring "Ufixotudovo" {Ice *Corrode +Blink
                  | Dex-4 SInv}
 55837 | Spider:2 | Reached XP level 22. HP: 112/125 MP: 29/29
 56373 | Spider:3 | Noticed Donald
 56382 | Spider:3 | Killed Donald
 56382 | Spider:3 | Identified the +0 robe of the Trilobite {Harm Str+3}
                  | (Okawaru gifted it to you on level 3 of the Spider Nest)
 56382 | Spider:3 | Received a gift from Okawaru
 57233 | Spider:1 | Killed Jorgrun
 57242 | Spider:1 | Noticed Nikola
 57333 | Spider:4 | Entered Level 4 of the Spider Nest
 57847 | Spider:4 | Identified the +3 spear of Departure {heavy, rC- Str+5
                  | Int+2}
 57888 | Spider:4 | Reached skill level 10 in Shields
 58181 | Spider:4 | Reached skill level 18 in Stealth
 58283 | Spider:4 | Got a gossamer rune of Zot
 58553 | Spider:1 | Identified the +1 shortbow of Beogh's Displeasure {elec,
                  | Dex+3}
 58616 | Spider:1 | Killed Mlioglotl
 58625 | Spider:1 | Killed Aizul
 58938 | Depths:1 | Received a gift from Okawaru
 58998 | Depths:2 | Reached skill level 19 in Stealth
 59017 | Depths:2 | Found an ornate altar of the Wu Jian Council.
 59480 | Depths:3 | Found a glowing golden altar of the Shining One.
 59946 | Depths:3 | Reached skill level 20 in Stealth
 60535 | Depths:4 | Entered Level 4 of the Depths
 60747 | Depths:4 | Reached skill level 21 in Stealth
 60754 | Depths:4 | Reached XP level 23. HP: 135/135 MP: 30/30
 60786 | Depths:4 | Received a gift from Okawaru
 60833 | Depths:4 | Noticed a caustic shrike
 60835 | Depths:4 | Noticed a caustic shrike
 61079 | Depths:4 | Found Qaimatwi's Antique Weapon Emporium.
 61175 | Depths:4 | Noticed Vv
 61501 | Depths:4 | Killed Vv
 61818 | Depths:4 | Noticed a caustic shrike
 61819 | Depths:4 | Killed a caustic shrike
 61820 | Depths:4 | Reached skill level 22 in Stealth
 61826 | Depths:4 | Killed a caustic shrike
 61843 | Depths:4 | Killed a caustic shrike
 61852 | Depths:4 | Found a gate to the Realm of Zot.
 62526 | Elf:3    | Noticed Gonzollydolly's ghost (adept MeIE)
 62761 | Elf:3    | Identified the ring "Ceph" {Wiz rElec}
 62860 | Elf:3    | Identified the +5 falchion of Guasok {freeze, Dex+2}
 62862 | Elf:3    | Identified the +1 glaive of Ynoeg {holy, rElec rF+}
 62901 | Elf:3    | Identified the +3 scimitar of the Morning {freeze, rElec
                  | Str+2 Int+2 Dex+4}
 62939 | Elf:3    | Identified the ring of the Red Sultana {Will+ MP+9}
 63062 | Elf:3    | Received a gift from Okawaru
 63103 | Elf:3    | Reached skill level 23 in Stealth
 63113 | Elf:3    | Found the +3 crown of Dyrovepreva {rElec Int+2 SInv}
 63123 | Elf:3    | Got the Compilation of Crystallized Glamour
 63491 | Elf:3    | Found a portal to a secret trove of treasure.
 63877 | Slime:1  | Entered Level 1 of the Pits of Slime
 63945 | Slime:1  | Gained mutation: Your muscles are strong. (Str +4, Int/Dex
                  | -1) [a shining eye]
 64287 | Slime:1  | You fall into a shaft and drop 1 floor!
 64615 | Slime:2  | Reached skill level 24 in Stealth
 64801 | Slime:2  | Lost mutation: Your muscles are strong. (Str +4, Int/Dex
                  | -1) [a shining eye]
 64802 | Slime:2  | Gained mutation: You sometimes lose your temper in combat.
                  | [a shining eye]
 64836 | Slime:3  | Received a gift from Okawaru
 64873 | Slime:3  | Lost mutation: You sometimes lose your temper in combat.
                  | [potion of mutation]
 64873 | Slime:3  | Gained mutation: You are strong-willed. (Will+) [potion of
                  | mutation]
 64873 | Slime:3  | Gained mutation: You passively dampen the noise of your
                  | surroundings. [potion of mutation]
 64873 | Slime:3  | Gained mutation: You occasionally lose the ability to drink
                  | potions when taking damage. [potion of mutation]
 64873 | Slime:3  | Gained mutation: Your spells are a little harder to cast,
                  | but a little more powerful. [potion of mutation]
 65231 | Slime:5  | Entered Level 5 of the Pits of Slime
 65306 | Slime:5  | Noticed the Royal Jelly
 66138 | Slime:3  | Gained mutation: Your magical capacity is low. (-10% MP) [a
                  | shining eye]
 66189 | Slime:3  | Gained mutation: You are resistant to electric shocks.
                  | (rElec) [a shining eye]
 66479 | Slime:3  | Reached skill level 25 in Stealth
 66479 | Slime:3  | Reached XP level 24. HP: 139/140 MP: 27/27
 66737 | Slime:5  | Identified the +1 robe of Inquiry {Fly} (Okawaru gifted it
                  | to you on level 5 of the Pits of Slime)
 66737 | Slime:5  | Received a gift from Okawaru
 66963 | Slime:5  | Killed the Royal Jelly
 67137 | Slime:5  | Identified the ring "Ugusch" {rPois rF+}
 67235 | Slime:5  | Found the +5 scythe "Finisher" {speed, execute}
 67245 | Slime:5  | Got a slimy rune of Zot
 67274 | Slime:5  | Identified the staff "Abroveax" {rElec rF+ Will++ SInv
                  | Fire}
 67679 | Zot:1    | Entered Level 1 of the Realm of Zot
 67869 | Zot:1    | Noticed an orb of fire
 68117 | Depths:2 | Lost mutation: You passively dampen the noise of your
                  | surroundings. [potion of mutation]
 68117 | Depths:2 | Lost mutation: Your magical capacity is low. (-10% MP)
                  | [potion of mutation]
 68117 | Depths:2 | Lost mutation: You are resistant to electric shocks.
                  | (rElec) [potion of mutation]
 68117 | Depths:2 | Gained mutation: Your system is resistant to poisons.
                  | (rPois) [potion of mutation]
 68117 | Depths:2 | Gained mutation: Potions are less effective at restoring
                  | your health. [potion of mutation]
 68117 | Depths:2 | Gained mutation: You have a pair of small horns on your
                  | head. [potion of mutation]
 68118 | Depths:2 | Lost mutation: Potions are less effective at restoring your
                  | health. [potion of mutation]
 68118 | Depths:2 | Lost mutation: Your system is resistant to poisons. (rPois)
                  | [potion of mutation]
 68118 | Depths:2 | Gained mutation: Your spells are harder to cast, but more
                  | powerful. [potion of mutation]
 68118 | Depths:2 | Gained mutation: You are occasionally teleported next to
                  | monsters. [potion of mutation]
 68119 | Depths:2 | Lost mutation: You are strong-willed. (Will+) [potion of
                  | mutation]
 68119 | Depths:2 | Lost mutation: You occasionally lose the ability to drink
                  | potions when taking damage. [potion of mutation]
 68119 | Depths:2 | Lost mutation: You are occasionally teleported next to
                  | monsters. [potion of mutation]
 68119 | Depths:2 | Gained mutation: You are clumsy. (Dex -2) [potion of
                  | mutation]
 68119 | Depths:2 | Gained mutation: You possess an exceptional clarity of
                  | mind. [potion of mutation]
 68213 | Depths:2 | Found a one-way gate leading to the halls of Pandemonium.
 68618 | Zot:1    | Gained mutation: Your magical capacity is low. (-10% MP)
                  | [an orb of fire]
 68642 | Depths:4 | Gained mutation: You occasionally shout uncontrollably at
                  | your foes. [an orb of fire]
 68649 | Depths:4 | Killed an orb of fire
 68850 | Depths:4 | Lost mutation: You possess an exceptional clarity of mind.
                  | [potion of mutation]
 68850 | Depths:4 | Lost mutation: Your spells are harder to cast, but more
                  | powerful. [potion of mutation]
 68850 | Depths:4 | Gained mutation: You sometimes lose your temper in combat.
                  | [potion of mutation]
 68850 | Depths:4 | Gained mutation: You expend magic power (3 MP) to
                  | strengthen your wands. [potion of mutation]
 68851 | Depths:4 | Lost mutation: Your spells are a little harder to cast, but
                  | a little more powerful. [potion of mutation]
 68851 | Depths:4 | Lost mutation: You expend magic power (3 MP) to strengthen
                  | your wands. [potion of mutation]
 68851 | Depths:4 | Gained mutation: You are vulnerable to cold. (rC-) [potion
                  | of mutation]
 68851 | Depths:4 | Gained mutation: You have an uncontrollable temper. [potion
                  | of mutation]
 68851 | Depths:4 | Gained mutation: You are strong-willed. (Will+) [potion of
                  | mutation]
 68852 | Depths:4 | Lost mutation: You have an uncontrollable temper. [potion
                  | of mutation]
 68852 | Depths:4 | Lost mutation: Your magical capacity is low. (-10% MP)
                  | [potion of mutation]
 68852 | Depths:4 | Lost mutation: You occasionally shout uncontrollably at
                  | your foes. [potion of mutation]
 68852 | Depths:4 | Gained mutation: You are somewhat resistant to further
                  | mutation. [potion of mutation]
 68863 | Depths:4 | Lost mutation: You are somewhat resistant to further
                  | mutation. [potion of mutation]
 68863 | Depths:4 | Lost mutation: You sometimes lose your temper in combat.
                  | [potion of mutation]
 68863 | Depths:4 | Gained mutation: You are highly strong-willed. (Will++)
                  | [potion of mutation]
 68863 | Depths:4 | Gained mutation: You have large cloven feet. [potion of
                  | mutation]
 68864 | Depths:4 | Lost mutation: You are clumsy. (Dex -2) [potion of
                  | mutation]
 68864 | Depths:4 | Lost mutation: You are highly strong-willed. (Will++)
                  | [potion of mutation]
 68864 | Depths:4 | Lost mutation: You have large cloven feet. [potion of
                  | mutation]
 68864 | Depths:4 | Gained mutation: You are agile. (Dex +4, Str/Int -1)
                  | [potion of mutation]
 68864 | Depths:4 | Gained mutation: You are partially covered in large bone
                  | plates. (SH +4) [potion of mutation]
 68865 | Depths:4 | Lost mutation: You have a pair of small horns on your head.
                  | [potion of mutation]
 68865 | Depths:4 | Lost mutation: You are strong-willed. (Will+) [potion of
                  | mutation]
 68865 | Depths:4 | Lost mutation: You are vulnerable to cold. (rC-) [potion of
                  | mutation]
 68865 | Depths:4 | Gained mutation: You are frail. (-10% HP) [potion of
                  | mutation]
 68865 | Depths:4 | Gained mutation: You occasionally lose the ability to drink
                  | potions when taking damage. [potion of mutation]
 68865 | Depths:4 | Gained mutation: Your movements are slightly less
                  | encumbered by armour. (ER -2) [potion of mutation]
 69143 | Zot:2    | Found a transporter.
 69797 | Zot:3    | Noticed an orb of fire
 69845 | Zot:3    | Gained mutation: You are weak. (Str -2) [an orb of fire]
 69848 | Zot:3    | Gained mutation: You occasionally lose the ability to read
                  | scrolls when taking damage. [an orb of fire]
 69854 | Zot:3    | Killed an orb of fire
 69855 | Zot:3    | Lost mutation: You are weak. (Str -2) [potion of mutation]
 69855 | Zot:3    | Lost mutation: You occasionally lose the ability to drink
                  | potions when taking damage. [potion of mutation]
 69855 | Zot:3    | Lost mutation: You are partially covered in large bone
                  | plates. (SH +4) [potion of mutation]
 69855 | Zot:3    | Lost mutation: You occasionally lose the ability to read
                  | scrolls when taking damage. [potion of mutation]
 69855 | Zot:3    | Gained mutation: You occasionally lose the ability to drink
                  | potions when taking damage. [potion of mutation]
 69855 | Zot:3    | Gained mutation: Your system is resistant to poisons.
                  | (rPois) [potion of mutation]
 70134 | Zot:3    | Identified the +6 spear of Dissolution {flame, Str+2 Int+2}
 70135 | Zot:3    | Got Raxt's Omnibus of The Black Sun
 70553 | Zot:3    | Received a gift from Okawaru
 71640 | Zot:4    | Found a stormy altar of Qazlal.
 71651 | Zot:4    | Noticed an orb of fire
 71659 | Zot:4    | Gained mutation: You are vulnerable to heat. (rF-) [an orb
                  | of fire]
 71782 | Zot:4    | Gained mutation: Potions are less effective at restoring
                  | your health. [an orb of fire]
 71794 | Zot:4    | Killed an orb of fire
 71824 | Zot:4    | Lost mutation: You are agile. (Dex +4, Str/Int -1) [potion
                  | of mutation]
 71824 | Zot:4    | Lost mutation: You are vulnerable to heat. (rF-) [potion of
                  | mutation]
 71824 | Zot:4    | Lost mutation: Your system is resistant to poisons. (rPois)
                  | [potion of mutation]
 71824 | Zot:4    | Gained mutation: You are covered in fur. (AC +1) [potion of
                  | mutation]
 72062 | Zot:4    | Reached XP level 25. HP: 114/132 MP: 30/30
 72954 | Zot:4    | Got the Papyrus of the Zealot
 72983 | Zot:5    | Entered Level 5 of the Realm of Zot
 73045 | Zot:5    | Received a gift from Okawaru
 73071 | Zot:5    | Noticed a Killer Klown
 73087 | Zot:4    | Killed a Killer Klown
 73419 | Zot:5    | Received a gift from Okawaru
 73788 | Zot:5    | Noticed a Killer Klown
 73788 | Zot:5    | Noticed a Killer Klown
 74147 | Zot:5    | Killed a Killer Klown
 74281 | Zot:5    | Noticed a Killer Klown
 74286 | Zot:5    | Noticed an orb of fire
 74324 | Zot:5    | Killed a Killer Klown
 74449 | Zot:5    | Gained mutation: You are partially covered in iridescent
                  | scales. (AC +2) [an orb of fire]
 74453 | Zot:5    | Gained mutation: You have an increased reservoir of magic.
                  | (+10% MP) [an orb of fire]
 74455 | Zot:5    | Killed an orb of fire
 74544 | Zot:5    | Noticed a Killer Klown
 74544 | Zot:5    | Noticed a Killer Klown
 74620 | Zot:5    | Noticed a Killer Klown
 74621 | Zot:5    | Noticed an orb of fire
 74641 | Zot:5    | Killed a Killer Klown
 74667 | Zot:5    | Gained mutation: You are very frail. (-20% HP) [an orb of
                  | fire]
 74674 | Zot:5    | Killed an orb of fire
 74808 | Zot:5    | Noticed a Killer Klown
 74839 | Zot:5    | Killed a Killer Klown
 74859 | Zot:5    | Noticed an orb of fire
 74923 | Zot:5    | Gained mutation: You possess an exceptional clarity of
                  | mind. [an orb of fire]
 74930 | Zot:5    | Killed an orb of fire
 74966 | Zot:5    | Killed a Killer Klown
 74999 | Zot:5    | Killed a Killer Klown
 75142 | Zot:4    | Received a gift from Okawaru
 75193 | Zot:5    | Noticed a Killer Klown
 75232 | Zot:5    | a Killer Klown changed into a rockslime
 75475 | Zot:5    | Noticed an orb of fire
 75481 | Zot:5    | Gained mutation: Armour fits poorly on your strangely
                  | shaped body. [an orb of fire]
 75524 | Zot:5    | Reached XP level 26. HP: 101/122 MP: 33/33
 75610 | Zot:5    | Lost mutation: You possess an exceptional clarity of mind.
                  | [potion of mutation]
 75610 | Zot:5    | Lost mutation: You are covered in fur. (AC +1) [potion of
                  | mutation]
 75610 | Zot:5    | Gained mutation: You sometimes lose the ability to drink
                  | potions when taking damage. [potion of mutation]
 75610 | Zot:5    | Lost mutation: Your movements are slightly less encumbered
                  | by armour. (ER -2) [potion of mutation]
 75610 | Zot:5    | Gained mutation: You have sharp fingernails. [potion of
                  | mutation]
 75611 | Zot:5    | Lost mutation: You sometimes lose the ability to drink
                  | potions when taking damage. [potion of mutation]
 75611 | Zot:5    | Lost mutation: You are partially covered in iridescent
                  | scales. (AC +2) [potion of mutation]
 75611 | Zot:5    | Gained mutation: You are extremely frail. (-30% HP) [potion
                  | of mutation]
 75612 | Zot:5    | Lost mutation: You have sharp fingernails. [potion of
                  | mutation]
 75612 | Zot:5    | Lost mutation: You have an increased reservoir of magic.
                  | (+10% MP) [potion of mutation]
 75612 | Zot:5    | Lost mutation: Armour fits poorly on your strangely shaped
                  | body. [potion of mutation]
 75612 | Zot:5    | Gained mutation: You are clumsy. (Dex -2) [potion of
                  | mutation]
 75613 | Zot:5    | Lost mutation: You occasionally lose the ability to drink
                  | potions when taking damage. [potion of mutation]
 75613 | Zot:5    | Lost mutation: You are extremely frail. (-30% HP) [potion
                  | of mutation]
 75613 | Zot:5    | Lost mutation: You are very frail. (-20% HP) [potion of
                  | mutation]
 75613 | Zot:5    | Gained mutation: You are somewhat resistant to further
                  | mutation. [potion of mutation]
 75613 | Zot:5    | Gained mutation: You are partially covered in iridescent
                  | scales. (AC +2) [potion of mutation]
 75676 | Zot:5    | Got the Orb of Zot
 75735 | Zot:5    | Gained mutation: You are occasionally teleported next to
                  | monsters. [an orb of fire]
 75756 | Zot:5    | Gained mutation: You are very clumsy. (Dex -4) [mutagenic
                  | glow]
 75808 | Zot:5    | Lost mutation: You are occasionally teleported next to
                  | monsters. [mutagenic glow]
 75847 | Zot:4    | Gained mutation: You are weak. (Str -2) [mutagenic glow]
 75862 | Zot:4    | Gained mutation: You sometimes lose your temper in combat.
                  | [mutagenic glow]
 75877 | Zot:4    | Gained mutation: Your spells are a little easier to cast,
                  | but a little less powerful. [mutagenic glow]
 76432 | D:1      | Noticed Fogoosm the pandemonium lord
 76432 | D:$      | Escaped with the Orb!

Illustrated notes

Levels and vault maps discovered:
D:1:      lemuel_arrival_rhombus, layout_rooms, palyth_stone_intersect,
          minmay_domino_4
D:2:      layout_basic, minmay_misc_feat_roman, minmay_3d_cube, uniq_robin
D:3:      minmay_spotlight, layout_basic, trog_three_pillars_becter
D:4:      layout_basic, gammafunk_ghost_cemetery, uniq_grinder
D:5:      layout_layer_cave, grunt_dithmenos_shadows,
          gammafunk_ghost_abyssal_escape, enter_ossuary_4, bh_walls_and_bars,
          uniq_eustachio
D:6:      hellmonk_ruined_rings, layout_basic, minmay_temple_entry_tees
D:7:      layout_gridville, serial_shops, nicolae_shop_window_shopping,
          grunt_decor_one_mirror, wad_rectangle_vault, uniq_jeremiah
D:8:      layout_basic, mainiacjoe_overflow_surrounded_room, abandoned_shop,
          lightli_corner_chamber
D:9:      layout_basic, erik_lair_island, hiddenorc1_lemuel
D:10:     layout_loops_ring
D:11:     layout_big_octagon, minmay_shop_mayhem, uniq_harold
D:12:     layout_layer_cave, uniq_maurice
D:13:     layout_cave_pools
D:14:     layout_irregular_city, erik_vaults_1, okawaru_gym_becter,
          nicolae_houndstooth_variations, uniq_frances, uniq_agnes
D:15:     hellmonk_depths_entry_around_the_bend, layout_loops_cross,
          hangedman_decor_opposing
Temple:   nicolae_temple_bog_church
Lair:1:   gammafunk_worm_tunnel, layout_chaotic_city,
          gammafunk_ghost_necromancy, uniq_prince_ribbit2
Lair:2:   layout_chaotic_city, minmay_swamp_entry_worms,
          spider_nest_entry_funnel_web
Lair:3:   regret_index_tunnel_blossom, layout_loops_ring
Lair:4:   layout_roguey, dpeg_slime_entry_enclosed, uniq_urug
Lair:5:   hangedman_lair_caniforms_friends, layout_long_grid,
          hangedman_lair_in_review, special_room [special_room_jelly],
          infiniplex_staircase_pool, serial_bayou_shore_a, lemuel_fruit_tree,
          uniq_sonja
Swamp:1:  layout_falls_marsh, serial_swamp_ruin, evilmike_swamp_ruin_house_4,
          hangedman_swamp_ruin_wall, swamp_pool5
Swamp:2:  nicolae_swamp_standing_stones, layout_falls_marsh,
          gammafunk_ghost_cemetery, lemuel_altar_in_water, st_swamp_ruins_4
Swamp:3:  nicolae_swamp_flooded_prison, layout_basic_swamp,
          hangedman_swamp_diagram, swamp_pool4, hangedman_swamp_blocks
Swamp:4:  nzn_swamp_witches_coven, layout_basic_swamp,
          infiniplex_staircase_pool_2
Spider:1: layout_spider_delve, uniq_aizul, uniq_mlioglotl, uniq_jorgrun,
          uniq_nikola
Spider:2: layout_chambers, ebering_ghost_reflecting_pool,
          nicolae_spider_world_wide_web
Spider:3: layout_cave_pods, uniq_donald
Spider:4: grunt_spider_rune_circles, hangedman_spider_tarantella_strand
Slime:1:  layout_caves
Slime:2:  layout_caves, nicolae_slime_rock_hall_of_fame
Slime:3:  layout_caves
Slime:4:  layout_caves
Slime:5:  slime_pit_nicolae_trefoil
Orc:1:    layout_diamond_mine, led_sif_book
Orc:2:    grunt_orc_community_town_hall, layout_caves,
          grunt_orc_community_big_house_2, grunt_orc_community_big_house_2,
          grunt_orc_community_house_2, grunt_orc_community_house_3,
          grunt_orc_community_house_3, grunt_orc_community_house_3,
          grunt_orc_community_house_2, serial_shops,
          nicolae_shop_tiny_waterfront, uniq_erolcha
Elf:1:    eino_elf_arrival_shootout, layout_geoelf_diagonals, serial_shops,
          nicolae_shop_tiny_waterfront, minivault_28,
          einodemon_crawler_minivault, uniq_kirke
Elf:2:    elven_hall_of_blades_hangedman_original
          [nicolae_blade_entry_area_security], layout_geoelf_diagonals
Elf:3:    grunt_elf_hall_asides, layout_geoelf_castle, enter_trove_3,
          ebering_ghost_reflecting_pool, serial_sigils,
          serial_sigils_hangedman_shear, serial_sigils_hangedman_stare,
          serial_sigils_hangedman_gut, serial_sigils_hangedman_shear,
          serial_sigils_hangedman_writhe
Vaults:1: vaults_dpeg_diagonal, v_misc_32, v_misc_9, st_cells, v_misc_13,
          vaults_mumra_lcd, nicolae_vaults_heist, layout_vaults_quadrants
Vaults:2: advil_vaults_ghost_lines, vaults_room_hallway,
          blue_anna_dwarven_crypt, nicolae_vaults_circle_grid_b,
          nicolae_vaults_trapezoid_3, hangedman_vaults_corner_blocks,
          grunt_vaults_hallway_long, grunt_vaults_hallway_long,
          nicolae_vaults_security_offices_2, vaults_room_pools,
          layout_vaults_chaotic_city
Vaults:3: lightli_enter_wizlab_magi_temple, ontoclasm_vaults_chip, v_rooms_1,
          nicolae_vaults_diagonal_hallway_7, nicolae_vaults_diamond_2,
          grunt_vaults_hallway_short, v_misc_28,
          nicolae_vaults_diagonal_hallway_8, vaults_dpeg_hooks,
          nicolae_vaults_wine_cellar, ontoclasm_vaults_idyll,
          nicolae_vaults_stepped_doors, layout_vaults_ring, uniq_sojobo
Vaults:4: portal_desolation_entry_holy_temple,
          nicolae_vaults_offset_grid_hallway_2, nicolae_vaults_swerve,
          nicolae_vaults_octothorpe, st_hourglassy, v_alt_pattern_1,
          nicolae_vaults_sealed_display, nicolae_vaults_closet_pinwheel_3,
          hangedman_vaults_locks, nicolae_vaults_back_hallway,
          nicolae_vaults_surprise_closet, nicolae_vaults_shelves_hall,
          nicolae_vaults_trapezoid_2, nicolae_vaults_tetromino_T_1,
          layout_vaults_omnicross, serial_shops, shop
Crypt:1:  layout_chaotic_city, hex_medium, st_stairs_9
Crypt:2:  layout_misc_corridors, hangedman_batty, grunt_megastairs_2,
          lemuel_upstairs_altar
Crypt:3:  lightli_unholy_cathedral, layout_chaotic_city, grunt_megastairs_4,
          uniq_khufu
Depths:1: layout_roguey, minmay_misc_feat_doors, serial_shops,
          nicolae_shop_peninsula, grunt_metal_band, minmay_tree_intersection,
          nicolae_shop_unique_rings, nicolae_shop_i_like_big_books,
          kennysheep_vampire_church
Depths:2: minmay_the_grid_octo_tiled_octocenter [minmay_the_grid_octo_odd_swirl,
          minmay_the_grid_octo_concentric, minmay_the_grid_octo_chip,
          minmay_the_grid_octo_shrine,
          minmay_the_grid_octo_prize_square_snowflake,
          minmay_the_grid_square_5x5_inverted_slash,
          minmay_the_grid_square_5x5_two_walls_a,
          minmay_the_grid_square_5x5_detours,
          minmay_the_grid_square_5x5_gyroscope], layout_gridlike,
          enter_ziggurat_f, rand_demon_pan_entry_1, serial_hangedman_research,
          hangedman_research_metamorphosis, hangedman_research_toxicology,
          hangedman_research_convocations, hangedman_research_probablistics,
          pdpol_wu_jian_five_deadly_venoms, pf_vacation_house_of_asmodeus,
          infiniplex_staircase_zigzag_1
Depths:3: nzn_winding_woodlands_small
          [nzn_winding_woodlands_5x15_river_crossing,
          nzn_winding_woodlands_center_garden,
          nzn_winding_woodlands_5x15_longhouse], layout_cave_shapes,
          pf_hell_entry_tar_spiral, minmay_misc_feat_x, minmay_room_of_horrors,
          tso_metal_star
Depths:4: grunt_zot_entry_gee_three, layout_honeycomb, hell_entry, serial_shops,
          nicolae_shop_pleasant_corner_grove, abyss_entry, uniq_vv
Zot:1:    infiniplex_zot_generator, layout_gridlike
Zot:2:    layout_misc_corridors, grunt_ministairs_8, nicolae_diode_basic
Zot:3:    dreamdust_black_sun_cult, layout_cathedral_of_symmetry
Zot:4:    nicolae_zot_draconian_monastery, layout_misc_corridors
Zot:5:    layout_misc_corridors, st_stairs_9

Skill      XL: |  1  2  3  4  5  6  7  8  9 10 11 12 13 14 15 16 17 18 19 20 21 22 23 24 25 26 |
---------------+-------------------------------------------------------------------------------+-----
Stealth        | 2 3 4 5 6 8 9 11 12 15 16 17 21 25 | 25.7
Dodging        | 3 4 5 7 8 9 10 13 16 18 19 20 23 | 23.8
Fighting       | 2 3 4 5 6 8 10 11 12 14 16 19 20 | 20.6
Ranged Weapons | 5 6 7 8 9 10 13 17 18 20 | 20.3
Invocations    | 1 2 3 4 5 7 8 9 |  9.0
Evocations     | 4 5 6 10 | 10.0
Shields        | 5 6 9 10 11 12 | 12.0
Ice Magic      | 5 8 |  8.1
Armour         | 8 12 16 17 18 19 | 19.1

Action                     |  1- 3 |  4- 6 |  7- 9 | 10-12 | 13-15 | 16-18 | 19-21 | 22-24 | 25-27 || total
---------------------------+-------+-------+-------+-------+-------+-------+-------+-------+-------++-------
  Melee: Arbalest          |       |       |       |       |     2 |       |       |       |       ||     2
         Hand crossbow     |       |       |       |       |       |       |     4 |       |       ||     4
   Fire: Shortbow          |   128 |   366 |   532 |   775 |       |       |       |       |       ||  1801
         Arbalest          |       |       |       |   226 |  1192 |   384 |    23 |   217 |       ||  2042
         Hand crossbow     |       |       |       |       |       |   747 |  1898 |  1736 |   670 ||  5051
   Cast: Ozocubu's Armour  |       |       |       |       |       |     3 |       |       |       ||     3
 Invoke: Heroism           |       |       |       |     1 |     3 |    16 |     9 |    14 |     6 ||    49
         Finesse           |       |       |       |       |     1 |     6 |     3 |     8 |     4 ||    22
  Evoke: Wand              |       |    11 |     2 |    17 |    12 |    10 |     3 |     9 |    11 ||    75
         Lightning rod     |       |       |       |       |     3 |     5 |     6 |       |     2 ||    16
    Use: Scroll            |       |     4 |     8 |    10 |     6 |    12 |    20 |    13 |    13 ||    86
         Potion            |       |       |     2 |     2 |     4 |     4 |     1 |    18 |    27 ||    58
 Armour: Robe              |     1 |     7 |     3 |     4 |    15 |     1 |       |       |       ||    31
         Skin              |       |       |    12 |       |       |     2 |     5 |       |       ||    19
         Steam dragon scal |       |       |       |     8 |       |       |       |       |       ||     8
         Pearl dragon scal |       |       |       |       |       |    68 |   269 |   189 |    68 ||   594
  Dodge: Dodged            |    17 |    81 |    85 |   285 |   449 |   332 |   897 |   946 |   222 ||  3314
  Block: Other             |       |       |     4 |    66 |    72 |    42 |    21 |    47 |       ||   252
         Reflection        |       |       |     4 |     6 |     1 |    14 |    50 |    12 |     9 ||    96
         Buckler           |       |       |       |       |       |    64 |   753 |   555 |   151 ||  1523

Table legend: (Time is in decaauts)
 A = Elapsed time spent in this place.
 B = Non-inter-level travel time spent in this place.
 C = Inter-level travel time spent in this place.
 D = Time resting spent in this place.
 E = Time spent auto-exploring this place.
 F = Levels seen in this place.
 G = Mean time per level.
                   A        B        C        D        E       F      G
               +--------+--------+--------+--------+--------+-----+--------+
         Total |  55770 |  51063 |   4707 |   7715 |  16175 |  57 |  978.4 |
       Dungeon |  15079 |  13136 |   1943 |   1738 |   3841 |  15 | 1005.3 |
        Temple |     17 |     13 |      4 |      0 |      0 |   1 |   17.0 |
          Lair |   6058 |   5266 |    792 |   1301 |   1477 |   5 | 1211.6 |
         Swamp |   5841 |   5551 |    290 |   2404 |   1399 |   4 | 1460.2 |
   Spider Nest |   2663 |   2533 |    130 |     91 |   1386 |   4 |  665.8 |
    Slime Pits |   2317 |   2098 |    219 |    167 |    830 |   5 |  463.4 |
  Orcish Mines |   1412 |   1258 |    154 |    156 |    506 |   2 |  706.0 |
   Elven Halls |   2772 |   2556 |    216 |     14 |   1186 |   3 |  924.0 |
        Vaults |   4681 |   4532 |    149 |    401 |   1669 |   4 | 1170.2 |
         Crypt |   2295 |   2155 |    140 |     84 |    661 |   3 |  765.0 |
        Depths |   5327 |   4917 |    410 |    461 |   1376 |   4 | 1331.8 |
           Zot |   5796 |   5542 |    254 |    824 |   1567 |   5 | 1159.2 |
       Ossuary |    613 |    613 |      0 |      0 |     80 |   1 |  613.0 |
    Desolation |    894 |    894 |      0 |     73 |    194 |   1 |  894.0 |
               +--------+--------+--------+--------+--------+-----+--------+

Top non-repeatable levels by time:
     D:9: 2786 daAuts
   Zot:4: 1870 daAuts
 Swamp:1: 1864 daAuts
   Zot:5: 1638 daAuts
 Swamp:4: 1548 daAuts
 Swamp:3: 1536 daAuts
Vaults:4: 1455 daAuts
Depths:1: 1453 daAuts
  Lair:1: 1439 daAuts
Depths:2: 1438 daAuts
  Lair:3: 1417 daAuts
Depths:4: 1374 daAuts
     D:6: 1317 daAuts
Vaults:1: 1289 daAuts
  Lair:2: 1287 daAuts
